 Dungeon Crawl Stone Soup version 0.29.1-1-gd02db6906a (webtiles) character file.

Game seed: 8645183060458404589

49 raph the Ruffian (level 3, -4/29 HPs)
             Began as a Draconian Transmuter on Oct 15, 2022.
             Slain by a gnoll
             ... wielding a +0 whip
              (7 damage)
             ... on level 2 of the Dungeon.
             The game lasted 00:03:11 (1184 turns).

raph the Ruffian (Draconian Transmuter)             Turns: 1184, Time: 00:03:11

Health: -4/29      AC:  6    Str: 12    XL:     3   Next: 53%
Magic:  4/6        EV: 12    Int: 15    God:
Gold:   63         SH:  0    Dex: 11    Spells: 0/6 levels left

rFire   . . .      SeeInvis .     - Unarmed
rCold   . . .      Faith    .   (no shield)
rNeg    . . .      Spirit   .   (body armour unavailable)
rPois   .          Reflect  .   (helmet currently unavailable)
rElec   .          Harm     .   (no cloak)
rCorr   .          Rampage  .   i - +0 pair of gloves
Will    .....                   (boots currently unavailable)
Stlth   +.........              (no amulet)
HPRegen 0.09/turn               (no ring)
MPRegen 0.10/turn               (no ring)

@: appendages (expiring), wereblooded
A: horns 2, talons 2, AC +5, unfitting armour, cold-blooded
a: End Transformation


You were on level 2 of the Dungeon.
You had temporarily grown beastly horns and talons.
You visited 1 branch of the dungeon, and saw 2 of its levels.

You collected 63 gold pieces.

Inventory:

Missiles
 b - 6 boomerangs
 l - 2 javelins
Armour
 i - a +0 pair of gloves (worn)
 j - a +0 pair of boots (melded)
Scrolls
 c - a scroll of noise {unknown}
 g - 2 scrolls of identify {unknown}
 k - a scroll of enchant armour {unknown}
Potions
 a - a potion of lignification
 d - a potion of curing {unknown}
 e - 2 potions of haste {unknown}
 f - a potion of resistance {unknown}
 h - a potion of degeneration {unknown}


   Skills:
 + Level 1.8 Fighting
 - Level 1.7 Dodging
 * Level 3.6 Unarmed Combat
 + Level 2.0 Spellcasting
 * Level 2.8 Transmutations
 * Level 0.4 Poison Magic


You couldn't memorise any spells.
You knew the following spells:

 Your Spells              Type           Power      Damage    Failure   Level
a - Beastly Appendage     Tmut           20%        N/A       7%          1
b - Wereblood             Tmut           10%        N/A       11%         2
c - Spider Form           Tmut/Pois      6%         N/A       34%         3

Your spell library contained the following spells:

 Spells                   Type           Power      Damage    Failure   Level
 Sting                    Tmut/Pois      24%        1d4       12%         1
 Poisonous Vapours        Pois/Air       4%         N/A       30%         2
 Ensorcelled Hibernation  Hex/Ice        2%         N/A       32%         2
 Gell's Gravitas          Tloc           1%         N/A       54%         3
 Lesser Beckoning         Tloc           1%         N/A       54%         3
 Teleport Other           Tloc           1%         N/A       54%         3
 Ice Form                 Ice/Tmut       5%         N/A       77%         4
 Olgreb's Toxic Radiance  Pois           2%         N/A       88%         4
 Anguish                  Hex/Necr       0%         N/A       91%         4


Dungeon Overview and Level Annotations

Branches:
Dungeon (2/15)

Altars:

Shops:
D:2 :[:


Innate Abilities, Weirdness & Mutations

You have temporarily grown beastly horns and talons.
Your plain brown scales are hard. (AC +5)
You cannot fit into any form of body armour.
You are cold-blooded and may be slowed by cold attacks.


Message History

The gnoll is almost dead.
The gnoll hits you with a +0 club. The gnoll hits you but does no damage.
You are too injured to fight recklessly!
You are too injured to fight recklessly!
You are too injured to fight recklessly!
You are too injured to fight recklessly!
You are too injured to fight recklessly!
You are too injured to fight recklessly!
You barely miss the gnoll. Your kick misses the gnoll.
You headbutt the gnoll, but do no damage.
The gnoll is almost dead.
Your transformation is almost over.
The gnoll misses you. x2
You hit the gnoll.
You feel a bit better.
You kill the gnoll!
The gnoll hits you from afar with a +0 spear.
You closely miss the frilled lizard. Your kick misses the frilled lizard.
You headbutt the frilled lizard.
You feel a bit better.
You kill the frilled lizard!
The gnoll hits you from afar with a +0 spear!
The gnoll misses you. The gnoll barely misses you.
You see here a +0 club.
You hit the gnoll. Your kick misses the gnoll.
The gnoll is heavily wounded.
The gnoll closely misses you. The gnoll hits you with a +0 spear.
* * * LOW HITPOINT WARNING * * *
You barely miss the gnoll. Your kick misses the gnoll.
Your headbutt misses the gnoll. You hit the gnoll.
The gnoll is moderately wounded.
You howl as the wereblood boils in your veins!
The gnoll hits you with a +0 whip.
* * * LOW HITPOINT WARNING * * *
The gnoll hits you with a +0 spear.
* * * LOW HITPOINT WARNING * * *
You barely miss the gnoll. Your kick misses the gnoll. You headbutt the gnoll.
You tail-slap the gnoll.
You feel a bit better.
You kill the gnoll!
The gnoll hits you with a +0 whip!
You die...

.......#.#...#..
...............#
..............##
................
...............#
##+###........# #.#
#........#
###.#######.###........#
......)@?...............
###...g##.#.########.#.#
....... #.#.# #.#..
....... ..#.# ###
......###.#.# # ......
#.... .. ###### #...#
.(#+ #.#.. #. # ##+


You could see a gnoll.

Vanquished Creatures
  2 gnolls (D:2)
  A worm (D:2)
  A dart slug (D:1)
  3 bats
  4 endoplasms
  A giant cockroach (D:1)
  4 goblins
  4 hobgoblins
  3 ball pythons (D:1)
  5 frilled lizards
  2 kobolds (D:1)
  4 rats
34 creatures vanquished.

Vanquished Creatures (others)
  4 toadstools (D:1)
4 creatures vanquished.

Grand Total: 38 creatures vanquished

Notes
Turn   | Place    | Note
-------+----------+-------------------------------------------
     0 | D:1      | raph the Draconian Transmuter began the quest for the Orb.
     0 | D:1      | Reached XP level 1. HP: 16/16 MP: 3/3
   173 | D:1      | Reached XP level 2. HP: 23/23 MP: 3/5
   377 | D:1      | Learned a level 2 spell: Wereblood
   729 | D:1      | Found a faded altar of an unknown god.
  1029 | D:2      | Reached XP level 3. HP: 29/29 MP: 4/6
  1048 | D:2      | Found Wuucvif's Antique Armour Shop.
  1055 | D:2      | Found Guptixt's Book Shoppe.
  1078 | D:2      | Learned a level 3 spell: Spider Form
  1115 | D:2      | Found Neicvav's Book Shop.
  1183 | D:2      | HP: 1/29 [gnoll/+0 spear (4)]
  1184 | D:2      | Slain by a gnoll

Illustrated notes

Levels and vault maps discovered:
D:1:      ldierk_walled_garden_2, layout_loops_ring, basic_ecumenical_altar,
          serial_glass, glass_columns_a, glass_columns_b
D:2:      layout_basic, serial_shops, shop_fountains,
          nicolae_shop_advertising_works [nicolae_subvault_shop_adworks], shop,
          nicolae_shop_behind_doors

Action                   || total
-------------------------++-------
Melee: Unarmed           ||    80
       Kick              ||    15
       Tailslap          ||     6
       Headbutt          ||     9
 Cast: Beastly Appendage ||    21
       Wereblood         ||     2
Armor: Skin              ||    29
Dodge: Dodged            ||    57
